 Dungeon Crawl Stone Soup version 0.29.0-11-gd7f09526c8 (webtiles) character file.

Game seed: 17274168261293205652

114 Powertoast the Slasher (level 4, -1/33 HPs)
             Began as a Merfolk Gladiator on Sept 7, 2022.
             Killed by nerve-wracking pain
             ... invoked by Grinder
              (13 damage)
             ... on level 3 of the Dungeon.
             The game lasted 00:03:53 (2589 turns).

Powertoast the Slasher (Merfolk Gladiator)          Turns: 2589, Time: 00:03:53

Health: -1/33      AC: 10    Str: 14    XL:     4   Next: 97%
Magic:  4/4        EV: 10    Int:  7    God:
Gold:   126        SH:  0    Dex: 17    Spells: 3/3 levels left

rFire   . . .      SeeInvis .   a - +0 long sword
rCold   . . .      Faith    .   (no shield)
rNeg    . . .      Spirit   .   f - +0 scale mail
rPois   .          Reflect  .   c - +0 helmet
rElec   .          Harm     .   h - +0 cloak
rCorr   .          Rampage  .   g - +0 pair of gloves
Will    .....                   o - +0 pair of boots
Stlth   ..........              (no amulet)
HPRegen 0.11/turn               (no ring)
MPRegen 0.09/turn               (no ring)

@: no status effects
A: (nimble swimmer 2), mertail
a: no special abilities


You were on level 3 of the Dungeon.
You visited 1 branch of the dungeon, and saw 3 of its levels.

You collected 126 gold pieces.

Inventory:

Hand Weapons
 a - a +0 long sword (weapon)
Missiles
 d - 3 throwing nets (quivered)
 e - a javelin
 i - 4 poisoned darts
Armour
 c - a +0 helmet (worn)
 f - a +0 scale mail (worn)
 g - a +0 pair of gloves (worn)
 h - a +0 cloak (worn)
 o - a +0 pair of boots (worn)
Jewellery
 b - a ring of positive energy
Wands
 m - a wand of polymorph (4)
Scrolls
 k - a scroll of teleportation {unknown}
 n - a scroll of blinking {unknown}
 q - a scroll of amnesia {unknown}
 r - a scroll of fog {unknown}
Potions
 j - a potion of degeneration {unknown}
 l - 3 potions of flight {unknown}
 p - a potion of haste {unknown}


   Skills:
 - Level 2.1 Fighting
 + Level 6.6 Long Blades
 - Level 2.0 Throwing
 - Level 4.0 Dodging


You had 3 spell levels left.
You didn't know any spells.
Your spell library was empty.

Dungeon Overview and Level Annotations

Branches:
Dungeon (3/15)

Altars:

Annotations:
D:3 Grinder


Innate Abilities, Weirdness & Mutations

((You are very nimble when in or above water. (Stealth+, EV+, Speed+++)))
Your lower body shifts to a powerful aquatic tail in water.


Message History

The frilled lizard bites you but does no damage.
You slash the frilled lizard!
You kill the frilled lizard!
Grinder comes into view.
Grinder shouts!
Grinder gestures at you. Pain shoots through your body!
You hit Grinder but do no damage. Grinder barely misses you.
You hit Grinder but do no damage. Grinder hits you but does no damage.
You hit Grinder but do no damage. Grinder gestures at you.
You suddenly lose the ability to move!
Grinder says, "At least Makhleb appreciates what I'm doing."
Grinder gestures at you. Pain shoots through your body!
Grinder completely misses you.
You can move again.
You closely miss Grinder. You punch Grinder, but do no damage.
Grinder hits you but does no damage.
You closely miss Grinder. Grinder gestures at you.
You resist with significant effort.
You hit Grinder but do no damage. Grinder hits you.
You slash Grinder!
Grinder is moderately wounded.
Grinder blinks!
You hit Grinder.
Grinder is moderately wounded.
Grinder hits you but does no damage.
Grinder blinks!
Grinder says, "FISH!"
Grinder gestures at you.
You barely resist. You slash Grinder!
Grinder is heavily wounded.
Grinder closely misses you.
You slash Grinder!
Grinder is severely wounded.
Grinder gestures at you. Pain shoots through your body!
You die...

.# .# '##########
..........#
..........#
..........# ####
..........+ ..#
..........# #5#
..........# #@#
..........# #.#
..........# #.#
..........# #.#
..........# #.#
..........######.#
.................#
.#################
.# #......#


You could see Grinder.

Vanquished Creatures
  2 adders (D:2)
  4 gnolls (D:3)
  2 worms (D:2)
  4 orcs (D:3)
  4 endoplasms
  2 giant cockroaches (D:2)
  8 goblins
  3 hobgoblins
  2 quokkas
  7 ball pythons
  2 frilled lizards (D:3)
  4 kobolds
  4 rats
48 creatures vanquished.

Vanquished Creatures (others)
  2 plants (D:1)
2 creatures vanquished.

Grand Total: 50 creatures vanquished

Notes
Turn   | Place    | Note
-------+----------+-------------------------------------------
     0 | D:1      | Powertoast the Merfolk Gladiator began the quest for the
                  | Orb.
     0 | D:1      | Reached XP level 1. HP: 16/16 MP: 1/1
   246 | D:1      | Reached skill level 4 in Long Blades
   384 | D:1      | Found a faded altar of an unknown god.
   414 | D:1      | Reached XP level 2. HP: 14/22 MP: 2/2
   524 | D:1      | You fall into a shaft and drop 1 floor!
   706 | D:2      | Reached skill level 5 in Long Blades
   706 | D:2      | Reached XP level 3. HP: 21/27 MP: 3/3
  1682 | D:3      | Reached XP level 4. HP: 23/33 MP: 4/4
  1688 | D:3      | Reached skill level 6 in Long Blades
  1694 | D:3      | HP: 1/33 [gnoll/+0 spear (3)]
  2570 | D:3      | Noticed Grinder
  2576 | D:3      | Paralysed by Grinder for 3 turns
  2589 | D:3      | Killed from afar by Grinder

Illustrated notes

Levels and vault maps discovered:
D:1:      eino_arrival_druids_welcome, layout_loops_ring,
          hellmonk_ecumenical_altar_run_dry
D:2:      layout_loops_ring
D:3:      layout_basic, serial_forest, infiniplex_forest_straight_3,
          infiniplex_forest_straight_5, infiniplex_forest_clump_diagonal,
          infiniplex_forest_clump_double, infiniplex_forest_straight_1,
          infiniplex_forest_zigzag_1, infiniplex_forest_lined_2,
          grunt_ministairs_1, uniq_grinder

Skill      XL: |  1  2  3  4 |
---------------+-------------+-----
Long Blades    | 4 5 6 |  6.6
Fighting       | |  2.1
Throwing       | |  2.0
Dodging        | |  4.0

Action                   |  1- 3 |  4- 6 || total
-------------------------+-------+-------++-------
Melee: Long sword        |    97 |    78 ||   175
       Punch             |     1 |     1 ||     2
  Use: Potion            |       |     2 ||     2
Armor: Scale mail        |    36 |    30 ||    66
Dodge: Dodged            |    54 |    33 ||    87
